 Dungeon Crawl Stone Soup version 0.23-a0-516-g0f8c245 (webtiles) character file.

12 theanonym the Vexing (level 2, 0/20 HPs)
             Began as a Mummy Enchanter on Dec 5, 2018.
             Slain by a goblin
             ... wielding a +0 club
             ... led by Robin
              (2 damage)
             ... on level 2 of the Dungeon.
             The game lasted 00:01:08 (666 turns).

theanonym the Vexing (Mummy Enchanter)               Turns: 666, Time: 00:01:09

Health: 0/20       AC:  2    Str: 11    XL:     2   Next: 20%
Magic:  5/5        EV: 12    Int: 14    God:
Gold:   0          SH:  0    Dex: 12    Spells: 5/6 levels left

rFire    x . .     SeeInvis .   a - +1 dagger
rCold    + . .     Gourm    .   (no shield)
rNeg     + + +     Faith    .   b - +0 robe
rPois    ∞         Spirit   .   (no helmet)
rElec    .         Reflect  .   (no cloak)
rCorr    .         Harm     .   (no gloves)
MR       .....                  (no boots)
Stlth    ++........             (no amulet)
HPRegen  0.06/turn              (no ring)
MPRegen  0.09/turn              (no ring)

@: about to teleport
A: no food or potions, fire vulnerability, cold resistance 1, negative energy
resistance 3, torment resistance, unbreathing
a: no special abilities


Innate Abilities, Weirdness & Mutations

You do not eat or drink.
Your flesh is vulnerable to fire.
You are immune to poison.
Your flesh is cold resistant. (rC+)
You are immune to negative energy. (rN+++)
You are immune to unholy pain and torment.
You can survive without breathing.


   Skills:
 + Level 0.9 Fighting
 * Level 1.5 Short Blades
 - Level 1.5 Dodging
 - Level 2.4 Stealth
 - Level 2.6 Spellcasting
 - Level 2.6 Hexes


You had 5 spell levels left.
You knew the following spells:

 Your Spells              Type           Power        Failure   Level  Hunger
a - Corona                Hex            #......      8%          1    N/A

Your spell library contained the following spells:

 Spells                   Type           Power        Failure   Level  Hunger
 Ensorcelled Hibernation  Hex/Ice        #.....       19%         2    N/A
 Confuse                  Hex            #.......     22%         3    N/A
 Tukima's Dance           Hex            #.......     22%         3    N/A
 Dazzling Spray           Conj/Hex       #.....       36%         3    N/A

Skill      XL: |  1 |
---------------+----+-----
Short Blades   | 1 |  1.5
Fighting       | |  0.9
Dodging        | |  1.5
Stealth        | |  2.4
Spellcasting   | |  2.6
Hexes          | |  2.6

Action                   || total
-------------------------++-------
Melee: Dagger            ||    43
  Use: Scroll            ||     1
Armor: Robe              ||    27
Dodge: Dodged            ||    71

Inventory:

Hand Weapons
 a - a +1 dagger (weapon)
Armour
 b - a +0 robe (worn)
Scrolls
 c - a scroll of remove curse {unknown}


You were on level 2 of the Dungeon.
You were not hungry.

You visited 1 branch of the dungeon, and saw 2 of its levels.

Dungeon Overview and Level Annotations

Branches:
Dungeon (2/15)

Altars:

Annotations:
D:2 Robin

.# ..# ..# ###..#
########.#..#
#gg.g.......#
#.######gg.##### #
#.#.lggggS......
#.#g#.####@gr#....
#..?...###g### ###
.....(#........#
.....###gg.###.#
##..# ##[.# #..
#.. .#gg.... ## gg
l#.### .#. .#.#
.... gl #


You could see an adder, a leopard gecko, 3 hobgoblins, 5 goblins and a rat.

Notes
Turn   | Place    | Note
-------+----------+-------------------------------------------
     0 | D:1      | theanonym the Mummy Enchanter began the quest for the Orb.
     0 | D:1      | Reached XP level 1. HP: 13/13 MP: 4/4
    33 | D:1      | Reached skill level 1 in Short Blades
    52 | D:1      | HP: 7/14 [bat (1)]
   244 | D:1      | Reached XP level 2. HP: 13/20 MP: 5/5
   398 | D:1      | HP: 10/20 [bat (1)]
   406 | D:1      | HP: 9/20 [bat (1)]
   412 | D:1      | HP: 7/20 [bat (1)]
   643 | D:2      | Noticed Robin
   661 | D:2      | HP: 10/20 [adder (1)]
   665 | D:2      | HP: 2/20 [hobgoblin/+0 club[Robin] (3)]
   666 | D:2      | Slain by a goblin

Vanquished Creatures
  A dart slug (D:1)
  A goblin (D:2)
  A hobgoblin (D:1)
  3 bats (D:1)
  A frilled lizard (D:1)
  2 kobolds (D:1)
  A rat (D:1)
10 creatures vanquished.

Table legend:
 A = Turns spent in this place as a percentage of turns spent in the entire game.
 B = Non-inter-level travel turns spent in this place as a percentage of non-inter-level travel turns spent in the entire game.
 C = Inter-level travel turns spent in this place as a percentage of turns spent in this place.
 D = Turns resting spent in this place as a percentage of non-inter-level travel turns spent in this place.
 E = Turns spent auto-exploring this place as a percentage of non-inter-level travel turns spent in this place.
 F = Non-inter-level travel turns spent in this place divided by the number of levels of this place that you've seen.
                   A       B       C       D       E      F
               +-------+-------+-------+-------+-------+----------------------
         Total | 100.0 | 100.0 |   0.0 |  71.0 |   6.2 | 333.0
       Dungeon | 100.0 | 100.0 |   0.0 |  71.0 |   6.2 | 333.0
               +-------+-------+-------+-------+-------+----------------------
